 Dungeon Crawl Stone Soup version 0.30-b1-2-g02819fbbbe (webtiles) character file.

Game seed: 2677518641561414605

111 Alarkh the Insei (level 4, 33/33 HPs)
             Began as a Demonspawn Warper on May 28, 2023.
             Got out of the dungeon alive.
             The game lasted 00:02:36 (1706 turns).

Alarkh the Insei (Demonspawn Warper)                Turns: 1706, Time: 00:02:36

Health: 33/33      AC:  4    Str: 11    XL:     4   Next: 62%
Magic:  7/7        EV: 11    Int: 17    God:
Gold:   50         SH:  0    Dex: 12    Spells: 7/7 levels left

rFire   . .          .
                       - Unarmed
rCold   . . .        (no shield)
rNeg    . . .        a - +0 leather armour
rPois   .            m - +0 helmet
rElec   .            (no cloak)
rCorr   .            (no gloves)
SInv    .            (no boots)
Will    .....        (no amulet)
Stlth   +            (no ring)
HPRegen 0.25/turn    (no ring)
MPRegen 0.10/turn

%: no passive effects
@: no status effects
A: claws 1, sanguine armour 1
a: no special abilities


You escaped.
You visited 1 branch of the dungeon, and saw 3 of its levels.

You collected 94 gold pieces.
You spent 44 gold pieces at shops.

Inventory:

Hand Weapons
 b - a +3 sling
Missiles
 f - 10 javelins (quivered)
Armour
 a - a +0 leather armour (worn)
 m - a +0 helmet (worn)
Magical Staves
 c - a staff of air
Scrolls
 d - a scroll of teleportation {unknown}
 g - a scroll of magic mapping {unknown}
 i - a scroll of immolation {unknown}
 k - a scroll of fear
 l - 2 scrolls of vulnerability {unknown}
 o - a scroll of blinking
Potions
 e - 3 potions of lignification {unknown}
 h - a potion of ambrosia
 j - a potion of might
 n - a potion of brilliance {unknown}


   Skills:
 - Level 2.0 Fighting
 - Level 0.8 Throwing
 - Level 0.8 Armour
 - Level 1.7 Dodging
 + Level 4.5 Unarmed Combat
 - Level 2.0 Spellcasting
 - Level 2.6 Translocations


You had 7 spell levels left.
You didn't know any spells.
Your spell library contained the following spells:

 Spells                   Type           Power      Damage    Failure   Level
 Blink                    Tloc           20%        N/A       13%         2
 Lesser Beckoning         Tloc           20%        N/A       13%         2
 Teleport Other           Tloc           10%        N/A       26%         3
 Poisonous Vapours        Pois/Air       2%         N/A       36%         2
 Scorch                   Fire           2%         2d5       36%         2
 Vhi's Electric Charge    Tloc/Air       12%        N/A       41%         3
 Mephitic Cloud           Conj/Pois/Air  1%         N/A       58%         3
 Manifold Assault         Tloc           10%        N/A       63%         4
 Flame Wave               Conj/Fire      1%         2d4       94%         4
 Freezing Cloud           Conj/Ice/Air   0%         6-21      100%        5
 Summon Cactus Giant      Summ           0%         N/A       100%        6


Dungeon Overview and Level Annotations

Branches:
Dungeon (3/15)

Altars:
Ru

Shops:
D:1 :?:*(


Innate Abilities, Weirdness & Mutations

You have sharp fingernails.
When seriously injured, your blood forms armour. (AC +0)


Message History

No target in view!
Items here: ) [ ††.
An endoplasm comes into view.
Your blood armour dries and flakes away.
You can't go up here!
The endoplasm quivers.
You scratch the endoplasm.
The endoplasm is heavily wounded.
The endoplasm hits you.
Your blood congeals into armour.
You barely miss the endoplasm.
The endoplasm is heavily wounded.
The endoplasm hits you.
You scratch the endoplasm.
You kill the endoplasm!
No target in view!
No target in view!
No target in view!
No target in view!
No target in view!
No target in view!
No target in view!
(D) Dungeon
Where to? (Enter - D:3 @ (x,y), ? - help)
What level of the Dungeon? (default 1, ? - help)
Found a book of Callings.
There is a stone staircase leading up here.
You see here a hobgoblin corpse.
You climb upwards.
There is a stone staircase leading down here.
Your blood armour dries and flakes away.
HP restored.
There is a stone staircase leading up here.
You climb upwards.
There is a stone staircase leading down here.
HP restored.
There is an entrance to Jucugah's Magic Scroll Boutique here.
There is an open door here.
There is a staircase leading out of the dungeon here.
Are you sure you want to leave the Dungeon?
This will make you lose the game!
You have escaped!

##### ##8.8###
#......#
#......########
##..8...#...>..###
#8......#.##.#...#
#@......'.##.###.#
#8......#.##.# #.#
##..8...#.##.# #.#
#......#.##.# #.#
#......#.##.# #..
##8.8###)##.# ###
##### #.##.#####
#.##∩#....
#.##.#..).


There were no monsters in sight!

Vanquished Creatures
  Terence (D:3)
  A gnoll (D:1)
  3 adders (D:2)
  A river rat (D:3)
  A dart slug (D:1)
  4 orcs (D:3)
  A ball python (D:2)
  A bat (D:2)
  4 endoplasms
  A giant cockroach (D:2)
  2 goblins
  2 hobgoblins
  3 jackals (D:2)
  A quokka (D:2)
  4 frilled lizards
  3 kobolds (D:2)
  3 rats
36 creatures vanquished.

Vanquished Creatures (others)
  A fungus (D:1)
  A plant (D:1)
2 creatures vanquished.

Grand Total: 38 creatures vanquished

Notes
Turn   | Place    | Note
-------+----------+-------------------------------------------
     0 | D:1      | Alarkh the Demonspawn Warper began the quest for the Orb.
     0 | D:1      | Reached XP level 1. HP: 16/16 MP: 3/3
    59 | D:1      | Reached skill level 2 in Unarmed Combat
    59 | D:1      | Gained mutation: You have sharp fingernails. [demonic
                  | ancestry]
    59 | D:1      | Reached XP level 2. HP: 11/22 MP: 5/5
   178 | D:1      | Found a faded altar of an unknown god.
   233 | D:1      | Found Alol's Assorted Antiques.
   289 | D:1      | Found Potuj's Weapon Shoppe.
   386 | D:1      | Found Xal Gyd's Book Boutique.
   425 | D:1      | Found Famuc's Book Emporium.
   438 | D:1      | Found Jucugah's Magic Scroll Boutique.
   456 | D:1      | Bought a scroll of fear for 44 gold pieces
   840 | D:2      | Reached skill level 3 in Unarmed Combat
   948 | D:2      | Reached XP level 3. HP: 19/27 MP: 6/6
  1318 | D:2      | Found a sacrificial altar of Ru.
  1457 | D:3      | Gained mutation: When seriously injured, your blood forms
                  | armour. (AC +0) [demonic ancestry]
  1457 | D:3      | Reached XP level 4. HP: 24/33 MP: 7/7
  1468 | D:3      | Reached skill level 4 in Unarmed Combat
  1586 | D:3      | Noticed Terence
  1617 | D:3      | Killed Terence
  1636 | D:3      | Identified the +10 hand axe of Anxiety {flame, Contam Fly
                  | Will+ Dex+2}
  1706 | D:$      | Got out of the dungeon alive.

Illustrated notes

Levels and vault maps discovered:
D:1:      mrwooster_arrival_statue_3, layout_basic,
          shapermc_ecumenical_altar_mp_urbaneastern, serial_shops,
          nicolae_shop_tiny_statue_garden, nicolae_shop_getting_attention,
          nicolae_shop_trees, shop, nicolae_shop_bloodbath_and_beyond
D:2:      layout_loops_cross, basic_altar, grunt_decor_clamped
D:3:      layout_rooms, portal_sewer_entry_a, uniq_terence,
          uniq_crazy_yiuf_cottage

Skill      XL: |  1  2  3  4 |
---------------+-------------+-----
Unarmed Combat | 2 3 4 |  4.5
Fighting       | |  2.0
Throwing       | |  0.8
Armour         | |  0.8
Dodging        | |  1.7
Spellcasting   | |  2.0
Translocations | |  2.6

Action                     |  1- 3 |  4- 6 || total
---------------------------+-------+-------++-------
  Melee: Unarmed           |    95 |    33 ||   128
         Punch             |     3 |     2 ||     5
   Fire: Sling             |       |     5 ||     5
  Throw: Boomerang         |     7 |       ||     7
    Use: Scroll            |     3 |       ||     3
         Potion            |     1 |       ||     1
 Armour: Leather armour    |    21 |     7 ||    28
  Dodge: Dodged            |    44 |    20 ||    64
